Map: Ever Dream LE

Players

Seither - Winner!

  • Race: Terran Terran
  • Spawn Location: 1:00

MeomaikA

  • Race: Zerg Zerg
  • League: Grandmaster
  • Spawn Location: 7:00

Event: DreamHack SC2 Masters 2020 Summer Oceania RoA

VOD

Have the link to the VOD?

Description

Time

  • Played on: June 25, 2020, 5:15 a.m.
  • Length: 12:55

All games in this series

Show
View Real Time Build Order
Export as new Build Order

Seither Terran - Winner!

Build Orders: Reaper Expand 

Get SALT Encoding   

  12  0:01  SCV  
  13  0:13  SCV  
  14  0:17  Supply Depot  
  14  0:25  SCV  
  15  0:39  SCV  
  15  0:40  Barracks  
  16  0:44  Refinery  
  16  0:51  SCV  
  17  1:03  SCV  
  18  1:15  SCV  
  19  1:27  Reaper  
  19  1:28  Orbital Command  
  20  1:40  Command Center  
  20  1:49  Supply Depot  
  20  1:54  SCV  
  20  1:59  Marine  
  22  2:06  SCV  
  23  2:08  Factory  
  23  2:18  Refinery, SCV  
  23  2:22  Barracks Reactor  
  23  2:30  SCV  
  24  2:43  SCV  
  25  2:52  Orbital Command  
  25  2:53  Starport  
  25  3:00  SCV  
  25  3:03  Hellion x2  
  31  3:12  SCV  
  31  3:21  Barracks Tech Lab  
  31  3:23  SCV  
  31  3:24  Hellion, SCV  
  31  3:25  Hellion  
  37  3:32  Fusion Core  
  37  3:34  Starport Tech Lab  
  37  3:35  Supply Depot  
  37  3:37  SCV x2  
  39  3:49  SCV x2  
  41  4:01  SCV  
  41  4:04  Hellion x2  
  41  4:05  SCV  
  44  4:12  Command Center  
  44  4:13  SCV  
  45  4:20  SCV  
  46  4:24  Supply Depot  
  46  4:25  SCV  
  45  4:33  SCV  
  45  4:37  Supply Depot, SCV  
  44  4:41  Stimpack, Marine  
  44  4:45  SCV  
  46  4:49  SCV  
  46  4:50  Battlecruiser  
  53  4:57  SCV  
  54  5:01  SCV  
  54  5:06  Barracks  
  54  5:07  Factory Reactor  
  55  5:10  SCV  
  55  5:12  Barracks  
  55  5:13  SCV  
  55  5:23  Marine  
  55  5:25  Orbital Command  
  54  5:33  Engineering Bay x2, SCV x2  
  56  5:39  Refinery  
  56  5:41  Marine  
  57  5:44  Supply Depot  
  57  5:45  SCV x2  
  59  5:57  Barracks  
  59  5:58  Barracks  
  59  6:01  Factory Reactor  
  59  6:03  Missile Turret  
  59  6:04  Marine, Terran Infantry Weapons Level 1, Terran Infantry Armor Level 1, Missile Turret  
  59  6:05  Marine x2  
  59  6:06  SCV  
  59  6:07  SCV  
  59  6:10  Starport Reactor  
  59  6:11  Marine x2  
  64  6:12  Refinery  
  64  6:15  SCV  
  67  6:18  Supply Depot  
  67  6:22  Combat Shield, Marine x2  
  67  6:23  Marine  
  70  6:26  SCV  
  70  6:27  SCV  
  70  6:29  Marine, Missile Turret  
  70  6:32  Orbital Command  
  73  6:34  Marine  
  73  6:36  Supply Depot  
  73  6:39  SCV x2  
  76  6:40  Marine x2  
  76  6:41  Widow Mine  
  76  6:42  Widow Mine  
  82  6:50  Missile Turret  
  82  6:51  SCV x2  
  84  6:57  Marine x2  
  84  6:58  Barracks Reactor x2  
  84  7:00  SCV  
  87  7:03  SCV  
  87  7:05  Supply Depot, Marine x2  
  87  7:08  Medivac x2  
  94  7:11  Supply Depot  
  94  7:12  Widow Mine x2  
  94  7:14  Supply Depot  
  94  7:15  SCV x3  
  101  7:27  Marine x3  
  101  7:28  Supply Depot, SCV x3  
  107  7:32  Marine, Armory  
  107  7:33  Marine  
  109  7:38  Marine x2, Widow Mine x2  
  109  7:41  SCV x2  
  109  7:42  SCV  
  118  7:44  Marine x2  
  118  7:45  Supply Depot  
  118  7:47  Refinery  
  120  7:52  Supply Depot  
  120  7:54  Supply Depot  
  120  7:56  Marine x2  
  120  7:57  Marine x4  
  120  7:58  Medivac x2  
  130  8:02  SCV x3  
  130  8:04  Supply Depot  
  133  8:06  Marine x3  
  133  8:08  Widow Mine x2  
  133  8:11  Supply Depot  
  140  8:16  Supply Depot  
  140  8:24  Terran Infantry Weapons Level 2, Terran Infantry Armor Level 2  
  140  8:26  Marine x4  
  140  8:27  Marine  
  145  8:36  Command Center  
  145  8:37  Widow Mine  
  145  8:38  Widow Mine  
  149  8:45  Supply Depot  
  149  8:46  Marauder, Marine x4  
  155  8:50  Factory, Supply Depot  
  155  8:56  Marine x2  
  155  8:57  Marine  
  155  8:58  Medivac x2  
  155  9:00  Supply Depot  
  162  9:15  Marauder, Marine x3  
  166  9:18  Widow Mine  
  166  9:19  Widow Mine  
  166  9:21  Barracks x3  
  170  9:26  Refinery  
  170  9:31  Marine x3  
  171  9:33  Widow Mine  
  171  9:37  Marauder  
  177  9:40  Widow Mine  
  177  9:44  Widow Mine, Drilling Claws  
  172  9:55  Widow Mine  
  172  9:57  Marine x6  
  172  9:58  Marauder  
  182  10:01  Widow Mine  
  182  10:05  Widow Mine, Medivac x2  
  185  10:08  Missile Turret  
  185  10:11  Sensor Tower  
  184  10:19  Marine x2  
  184  10:20  Marauder  
  163  10:21  Marine  
  163  10:22  Marine x2, Barracks Tech Lab x2  
  163  10:23  Planetary Fortress  
  163  10:24  SCV x2  
  163  10:25  Missile Turret  
  166  10:28  SCV  
  166  10:35  Widow Mine x3, Medivac  
  173  10:36  SCV x2, Medivac  
  173  10:40  SCV  
  173  10:41  Marauder  
  182  10:43  Sensor Tower  
  182  10:48  SCV x2  
  155  11:03  Marauder, Marine x2  
  155  11:04  Marauder  
  154  11:05  Medivac  
  154  11:06  Medivac  
  154  11:07  SCV x3  
  161  11:15  Marauder, Command Center  
  163  11:18  Marine x2  
  163  11:19  Marine x2  
  163  11:25  Marauder x2  
  171  11:30  Marine  
  171  11:31  Concussive Shells, Barracks Tech Lab  
  172  11:33  Marine x2  
  172  11:34  Widow Mine x3  
  172  11:35  Medivac  
  172  11:36  Medivac  
  172  11:37  Marauder  
  186  11:42  Marine  
  186  11:46  Marauder x2  
  189  11:55  Widow Mine x2  
  189  11:58  Marauder  
  195  12:03  Marauder, Marine x3  
  195  12:08  Marauder x2  
  177  12:13  Medivac x2  
  173  12:16  Marine x5  
  173  12:20  Marauder  
  173  12:21  Marine x3, Widow Mine  
  173  12:22  Widow Mine  
  184  12:25  Marauder  
  184  12:29  Marauder x2  
  190  12:31  Barracks  
  190  12:32  Barracks  
  190  12:34  Marine x5  
Show
View Real Time Build Order
Export as new Build Order

MeomaikA Zerg 

Build Orders: Pool First 

Get SALT Encoding   

  12  0:00  Drone  
  13  0:08  Drone  
  14  0:16  Overlord  
  14  0:24  Drone, Extractor  
  15  0:34  Drone x2  
  17  0:44  Spawning Pool  
  17  0:48  Drone  
  17  1:08  Hatchery  
  17  1:10  Drone  
  17  1:12  Extractor  
  17  1:15  Drone  
  17  1:30  Queen  
  17  1:31  Zergling x4  
  21  1:37  Drone  
  22  1:47  Overlord  
  22  2:06  Drone, Queen  
  25  2:10  Drone  
  26  2:16  Metabolic Boost  
  26  2:20  Drone  
  26  2:21  Drone  
  28  2:31  Drone x2  
  30  2:37  Drone x2  
  30  2:38  Drone  
  30  2:42  Drone  
  34  2:44  Drone  
  35  2:54  Hatchery  
  35  2:56  Drone  
  35  2:59  Evolution Chamber  
  35  3:01  Drone  
  35  3:04  Drone  
  36  3:15  Overlord  
  36  3:16  Overlord  
  36  3:26  Zerg Melee Weapons Level 1, Lair  
  36  3:34  Drone, Zergling x6  
  39  3:35  Drone x2  
  39  3:38  Extractor  
  41  3:41  Zergling x4  
  41  3:42  Drone  
  41  3:46  Drone x2  
  46  3:49  Drone x2  
  48  3:58  Drone x2  
  48  3:59  Overlord  
  49  4:07  Extractor  
  49  4:08  Drone  
  49  4:09  Overlord  
  48  4:12  Queen  
  48  4:13  Drone  
  51  4:27  Drone  
  50  4:32  Drone  
  50  4:33  Drone, Zergling x4  
  50  4:34  Zergling x6  
  50  4:36  Spire  
  50  4:37  Zergling x2  
  50  4:38  Drone x2  
  55  4:39  Overseer  
  55  4:45  Drone  
  57  4:46  Spore Crawler  
  57  4:47  Drone x3  
  57  4:50  Spore Crawler  
  57  4:52  Spore Crawler  
  57  4:54  Zergling x2  
  57  4:55  Zergling x2  
  57  4:57  Drone  
  60  5:00  Drone  
  60  5:03  Queen  
  63  5:09  Queen  
  64  5:16  Drone  
  64  5:18  Drone x3  
  64  5:19  Overlord  
  65  5:23  Drone x2  
  65  5:24  Drone x2, Spore Crawler  
  65  5:26  Drone  
  66  5:28  Drone  
  66  5:29  Drone  
  66  5:30  Zergling x2  
  66  5:34  Zerg Melee Weapons Level 2  
  68  5:38  Zergling x6  
  71  5:48  Corruptor x2  
  71  5:49  Corruptor  
  75  5:54  Corruptor  
  79  5:58  Drone x3  
  79  5:59  Extractor x2  
  79  6:00  Drone x2  
  82  6:04  Overlord  
  82  6:05  Overlord  
  82  6:08  Overlord  
  82  6:11  Zerg Flyer Weapons Level 1  
  82  6:25  Drone x2, Corruptor x2  
  84  6:26  Zergling x2  
  84  6:28  Zergling x2  
  84  6:30  Hatchery, Overlord  
  89  6:34  Drone, Baneling Nest  
  89  6:36  Drone x2  
  89  6:39  Drone x2  
  93  6:48  Queen x2  
  93  6:49  Overlord  
  93  6:50  Zergling x2  
  93  6:51  Zergling x2  
  93  6:52  Zergling x2  
  99  6:59  Drone x3  
  101  7:02  Zergling x8  
  105  7:09  Zergling x4  
  105  7:14  Corruptor  
  109  7:17  Centrifical Hooks  
  109  7:18  Zergling x2  
  109  7:21  Drone  
  111  7:23  Overlord  
  111  7:28  Overlord  
  111  7:31  Overlord  
  111  7:33  Baneling x13  
  111  7:34  Zergling x2  
  112  7:38  Corruptor  
  112  7:41  Hatchery  
  113  7:44  Zergling x4  
  113  7:47  Zergling x6  
  113  7:48  Zergling x2  
  119  7:52  Zergling x2  
  119  7:54  Zerg Ground Armor Level 1, Spine Crawler  
  119  7:55  Zergling x6  
  119  7:57  Queen, Zergling x2  
  125  8:00  Zergling x4  
  125  8:02  Corruptor  
  129  8:08  Drone x3  
  132  8:14  Zergling x4  
  132  8:16  Zergling x2  
  132  8:18  Zergling x2  
  132  8:19  Corruptor x2  
  140  8:20  Zergling x6  
  141  8:31  Drone x2  
  141  8:32  Drone x2  
  144  8:39  Overlord x2  
  144  8:41  Overlord  
  144  8:43  Zerg Flyer Weapons Level 2  
  144  8:44  Infestation Pit  
  144  8:48  Overlord  
  143  8:49  Zergling x2  
  143  8:53  Pneumatized Carapace, Zergling x6  
  143  8:55  Drone x3  
  150  8:56  Overlord  
  150  8:58  Drone x3  
  150  8:59  Drone x3  
  150  9:00  Zergling x2  
  157  9:05  Zergling x6  
  157  9:08  Zergling x4  
  157  9:09  Zergling x2  
  163  9:13  Zergling x4  
  163  9:14  Zergling x2  
  163  9:16  Zergling x4  
  168  9:19  Extractor  
  167  9:24  Zergling x14  
  167  9:28  Spore Crawler  
  167  9:31  Zergling x4  
  174  9:32  Hive  
  167  9:45  Overlord  
  167  9:47  Overseer  
  167  9:48  Overlord x3  
  167  9:49  Overlord, Zerg Ground Armor Level 2  
  167  9:54  Baneling x16  
  164  10:08  Zergling x2  
  164  10:09  Zergling x24  
  164  10:10  Zergling x2  
  174  10:20  Zergling x24  
  174  10:21  Zergling x4  
  155  10:25  Zergling x6  
  151  10:29  Zergling x2  
  151  10:30  Baneling  
  151  10:31  Baneling  
  151  10:32  Baneling x6  
  151  10:33  Zergling x6  
  155  10:36  Zergling x2  
  155  10:38  Zergling x2  
  155  10:39  Zergling x2  
  158  10:43  Zergling x4, Queen  
  154  10:54  Zergling x14  
  130  10:59  Zergling x2  
  130  11:00  Zergling x4  
  130  11:02  Zergling x2  
  115  11:04  Zergling x2  
  115  11:07  Zergling x2  
  115  11:08  Zergling x2  
  115  11:10  Zergling x6  
  110  11:11  Zergling x4  
  110  11:12  Zergling x4  
  110  11:14  Ultralisk Cavern  
  110  11:22  Baneling x20  
  110  11:23  Corruptor  
  110  11:24  Corruptor x3  
  118  11:26  Zergling x4  
  118  11:30  Corruptor x2  
  124  11:33  Drone x3  
  124  11:34  Drone  
  124  11:36  Drone  
  124  11:37  Drone  
  124  11:38  Drone x2  
  130  11:49  Drone x5  
  130  11:50  Drone x5  
  130  11:51  Drone x2  
  130  11:52  Extractor  
  140  11:59  Zergling x8  
  142  12:01  Zergling x4  
  142  12:02  Zergling x4  
  125  12:09  Zergling x8  
  125  12:12  Zergling x4  
  125  12:13  Zergling x14  
  125  12:18  Zergling x2  
  125  12:21  Zergling x2  
  125  12:22  Zergling x2  
  121  12:24  Overseer x3  
  121  12:25  Zergling x4  
  121  12:27  Zergling x2  
  113  12:32  Zergling x2  
  113  12:33  Zergling x2  
  113  12:34  Zergling x2  
  113  12:35  Zergling x2  
Tags
 
Add a new tag
Caveats
  • Supply blocks, unpowered buildings, or Contaminate may cause inaccurate times.
  • Supply counts are checked every 10 seconds.